 Dungeon Crawl Stone Soup version bcrawl-1.37.2 (webtiles) character file.

Game seed: 7132672379195354318

240497 Mehrunes the Cleaver (level 9, -4/45 HPs)
             Began as a Skeleton Necromancer on Oct 24, 2022.
             Was an Initiate of Kikubaaqudgha.
             Slain by a komodo dragon (19 damage)
             ... on level 7 of the Dungeon.
             The game lasted 00:21:19 (7587 turns).

Mehrunes the Cleaver (Skeleton Necromancer)         Turns: 7587, Time: 00:21:20

Health: -4/45      AC: 21    Str: 20 (22) XL:     9   Next: 36%
Magic:  0/18       EV:  7    Int: 17      God:    Kikubaaqudgha [......]
Gold:   394        SH:  0    Dex:  8 (9)  Spells: 3/20 levels left

rFire    . . .     GDR:     26% x - +0 war axe
rCold    + . .     SeeInvis .   (no shield)
rNeg     + + +     Gourm    .   w - +0 plate armour
rPois    ∞         Faith    .   m - +2 helmet
rElec    .         Spirit   +   c - +0 cloak
rCorr    .         Reflect  .   f - +1 pair of gloves
MR       +....                  j - +1 pair of boots
Stlth    ..........             (no amulet)
HPRegen  0.17/turn              e - +7 ring of strength
MPRegen  0.16/turn              (no ring)

@: no status effects
A: no food or potions, cold resistance 1, deterioration 1, negative energy
resistance 3, powered by death 1, torment resistance, unbreathing, magic shield,
sturdy frame 1, spell healing
a: Renounce Religion


You were on level 7 of the Dungeon.
You worshipped Kikubaaqudgha.
Kikubaaqudgha was noncommittal.
You were not hungry.

You visited 2 branches of the dungeon, and saw 8 of its levels.

You collected 394 gold pieces.

Inventory:

Hand Weapons
 a - a +0 dagger of pain
 o - a +0 blowgun
 q - a +0 short sword of speed
 x - a +0 war axe (weapon)
 y - a +0 whip of freezing
Missiles
 p - 12 curare-tipped needles
 s - 229 poisoned needles
Armour
 b - a +0 robe
 c - a +0 cloak (worn)
 f - a +1 pair of gloves (worn)
 j - a +1 pair of boots (worn)
 l - a +0 ring mail
 m - a +2 helmet (worn)
 n - a +0 troll leather armour {Purgy}
 w - a +0 plate armour (worn)
Jewellery
 e - a +7 ring of strength (left hand)
Wands
 r - a wand of scattershot (5)
 u - a wand of acid (5)
 v - a wand of random effects (8)
Scrolls
 d - 4 scrolls of teleportation
 g - a scroll of amnesia
 h - 9 scrolls of remove curse
 i - 5 scrolls of identify
 k - 3 scrolls of enchant armour
 t - 2 scrolls of blinking
 z - 3 scrolls of fear
 A - a scroll of immolation {unknown}


   Skills:
 + Level 10.4 Axes
 - Level 6.2 Armour
 - Level 2.0 Dodging
 - Level 2.4 Stealth
 - Level 6.0 Spellcasting
 - Level 8.0 Necromancy


You had 3 spell levels left.
You knew the following spells:

 Your Spells              Type           Power        Failure   Level  Hunger
a - Necrotize             Necr           ####..       5%          1    N/A
b - Vampiric Draining     Necr           ####......   17%         3    N/A
c - Agony                 Necr           ####....     50%         4    N/A
d - Dispel Undead         Necr           ####....     83%         5    N/A
e - Animate Dead          Necr           N/A          50%         4    N/A

Your spell library contained the following spells:

 Spells                   Type           Power        Failure   Level  Hunger
 Apportation              Tloc           #.....       83%         1    N/A
 Corona                   Hex            #......      83%         1    N/A
 Infusion                 Chrm           #.......     83%         1    N/A
 Sandblast                Erth           #.....       83%         1    N/A
 Slow                     Hex            #.......     83%         1    N/A
 Summon Butterflies       Summ           #.......     83%         1    N/A

Dungeon Overview and Level Annotations

Branches:
Dungeon (7/12)             Temple (1/1) D:6            Lair (0/6) D:7

Altars:
Ashenzari
Cheibriados
Dithmenos
Gozag
Hepliaklqana
Kikubaaqudgha
Lugonu
Makhleb
Nemelex Xobeh
Okawaru
Qazlal
Ru
Sif Muna
Trog
Uskayaw
Vehumet
Wu Jian
Xom
Yredelemnul

Annotations:
D:4 1 runed door


Innate Abilities, Weirdness & Mutations

You do not eat or drink.
You are immune to poison.
Your flesh is cold resistant. (rC+)
Your body sometimes deteriorates upon taking damage.
You are immune to negative energy. (rN+++)
You regenerate a little health from kills.
You are immune to unholy pain and torment.
You can survive without breathing.
When hurt, damage is shared between your health and your magic reserves.
Your movements are slightly less encumbered by armour. (ER -2)
Casting spells heals you.


Message History

You hit the plant but do no damage. The komodo dragon barely misses you.
You hit the komodo dragon but do no damage.
The komodo dragon is severely wounded.
You hit the plant.
The komodo dragon bites you but does no damage.
You closely miss the komodo dragon.
The komodo dragon is severely wounded.
You hit the plant but do no damage. The komodo dragon barely misses you.
You hit the komodo dragon.
The komodo dragon is severely wounded.
You hit the plant but do no damage. The komodo dragon bites you!!
Ouch! That really hurt!
You slash the komodo dragon!
The komodo dragon is almost dead.
You hit the plant. The komodo dragon closely misses you.
You barely miss the komodo dragon.
The komodo dragon is almost dead.
You slash the plant! The komodo dragon bites you!!
You die...
Kikubaaqudgha rasps: "You have failed me!
Welcome... oblivion!"

#.###.###.###.###
#...........##..##
#####.###.#.#.#..##
#.# ##..###...##
#.# #.##....P## ..#
#.#.....PP# ###
#.#....PPP#
#..^...PPP#
#..P.@PPPP#
#....l.PPP#
#...PP..PP#
#...PPP.>.P#
####PPPP..P#


#$.PPPPP# ##PPPPP## ####### You could see a komodo dragon.

Vanquished Creatures
  Pikel (D:5)
  A crocodile (D:6)
  Purgy (D:3)
  2 sky beasts
  A black bear (D:7)
  A necrophage (D:6)
  2 ice beasts
  An ogre (D:6)
  A kobold brigand (D:6)
  A centaur (D:6)
  2 scorpions (D:7)
  An orc priest (D:3)
  A howler monkey (D:5)
  4 crimson imps
  2 hounds
  A jelly (D:5)
  9 orc wizards
  Jessica (D:3)
  3 bullfrog skeletons
  An iguana (D:4)
  4 worker ants
  A worker ant zombie (D:7)
  A howler monkey zombie (D:5)
  4 gnolls (D:3)
  7 adders
  A howler monkey skeleton (D:7)
  A shadow imp (D:5)
  An adder skeleton (D:6)
  2 dart slugs
  A leopard gecko (D:5)
  18 orcs
  3 giant cockroaches
  A goblin (D:2)
  4 hobgoblins
  7 jackals
  3 quokkas
  A ball python (D:4)
  5 bats
  A frilled lizard (D:1)
  23 kobolds
  A quokka skeleton (D:4)
  5 rats
  6 plants
138 creatures vanquished.

Vanquished Creatures (collateral kills)
  A water moccasin skeleton (D:4)
  An orc priest (D:4)
  A howler monkey (D:6)
  Robin (D:3)
  An adder (D:3)
  3 worms
  4 orcs
  A hobgoblin (D:3)
  A quokka (D:3)
14 creatures vanquished.

Vanquished Creatures (others)
  2 jackals (D:6)
  3 plants
5 creatures vanquished.

Grand Total: 157 creatures vanquished

Notes
Turn   | Place    | Note
-------+----------+-------------------------------------------
     0 | D:1      | Mehrunes the Skeleton Necromancer began the quest for the
                  | Orb.
     0 | D:1      | Reached XP level 1. HP: 10/10 MP: 4/4
   887 | D:2      | Reached XP level 2. HP: 15/15 MP: 1/6
   940 | D:2      | Reached skill level 5 in Necromancy
  1059 | D:2      | Found a faded altar of an unknown god.
  1446 | D:3      | Found an iron altar of Okawaru.
  1544 | D:3      | Reached XP level 3. HP: 18/19 MP: 0/7
  1587 | D:3      | Found a white marble altar of Elyvilon.
  1666 | D:3      | Reached XP level 4. HP: 24/24 MP: 0/8
  1732 | D:3      | Learned a level 3 spell: Vampiric Draining
  1737 | D:3      | Learned a level 4 spell: Agony
  1774 | D:3      | Noticed Robin
  1786 | D:3      | Killed Robin
  1791 | D:3      | Noticed a sky beast
  1812 | D:3      | Reached XP level 5. HP: 28/28 MP: 2/9
  1912 | D:2      | Killed a sky beast
  2106 | D:3      | Gained mutation: You regenerate a little health from kills.
                  | [Skeleton growth]
  2106 | D:3      | Reached XP level 6. HP: 32/32 MP: 10/10
  2242 | D:3      | Found a hide-covered altar of Uskayaw.
  2268 | D:3      | Noticed Purgy
  2276 | D:3      | Killed Purgy
  2406 | D:3      | Noticed Jessica
  2408 | D:3      | Killed Jessica
  2409 | D:3      | Reached skill level 5 in Spellcasting
  3186 | D:3      | Learned a level 5 spell: Dispel Undead
  3192 | D:4      | Reached skill level 1 in Armour
  3192 | D:4      | Reached XP level 7. HP: 34/36 MP: 9/16
  3451 | D:4      | Found a shadowy altar of Dithmenos.
  3451 | D:4      | Found a sacrificial altar of Ru.
  3556 | D:4      | Found a runed door.
  3833 | D:4      | Reached skill level 5 in Armour
  3927 | D:4      | Found a sparkling altar of Nemelex Xobeh.
  4470 | D:5      | Entered Level 5 of the Dungeon
  4969 | D:5      | Reached XP level 8. HP: 30/41 MP: 15/17
  5017 | D:5      | Found a basalt altar of Yredelemnul.
  5073 | D:5      | Learned a level 4 spell: Animate Dead
  5319 | D:5      | Reached skill level 1 in Axes
  5414 | D:6      | Reached skill level 2 in Axes
  5451 | D:6      | Noticed Pikel
  5487 | D:5      | Killed Pikel
  5488 | D:5      | Reached skill level 6 in Axes
  5494 | D:5      | Reached skill level 7 in Axes
  5602 | D:6      | Found a shimmering altar of Xom.
  5611 | D:6      | Reached skill level 8 in Axes
  5627 | D:6      | Reached XP level 9. HP: 45/45 MP: 8/18
  5705 | D:6      | Found a staircase to the Ecumenical Temple.
  5838 | D:6      | Reached skill level 9 in Axes
  5939 | D:6      | Found a burning altar of Makhleb.
  6029 | D:6      | Found a glowing golden altar of the Shining One.
  6082 | D:6      | Found a shattered altar of Ashenzari.
  6082 | D:6      | Found an ornate altar of the Wu Jian Council.
  6331 | Temple   | Entered the Ecumenical Temple
  6568 | Temple   | Became a worshipper of Kikubaaqudgha
  6719 | D:6      | Found a hazy altar of Hepliaklqana.
  7360 | D:7      | Reached skill level 10 in Axes
  7561 | D:7      | Found a staircase to the Lair.
  7562 | D:7      | Noticed a komodo dragon
  7587 | D:7      | Slain by a komodo dragon

Skill      XL: |  1  2  3  4  5  6  7  8  9 |
---------------+----------------------------+-----
Necromancy     | 5 6 7 8 |  8.0
Spellcasting   | 6 |  6.0
Armour         | 1 6 |  6.2
Axes           | 8 10 | 10.4
Dodging        | |  2.0
Stealth        | |  2.4

Action                   |  1- 3 |  4- 6 |  7- 9 || total
-------------------------+-------+-------+-------++-------
Melee: Dagger            |    41 |    62 |       ||   103
       Short sword       |       |    83 |   183 ||   266
       War axe           |       |       |   210 ||   210
 Cast: Necrotize         |    35 |    25 |    67 ||   127
       Vampiric Draining |       |     5 |     9 ||    14
       Agony             |       |     5 |     2 ||     7
       Dispel Undead     |       |     1 |     2 ||     3
  Use: Scroll            |       |       |     6 ||     6
 Stab: Sleeping          |     2 |     1 |       ||     3
       Distracted        |       |       |     1 ||     1
Armor: Robe              |     8 |       |       ||     8
       Ring mail         |    12 |    71 |    49 ||   132
       Plate armour      |       |       |   199 ||   199
Dodge: Dodged            |    31 |    72 |   164 ||   267
